[ PARTIDA AOE2 · #479700949 ]
UnrankedBengalíes vs Vietnamese
[ ANÁLISIS DE REPETICIÓN · EXTRAÍDO DE LA PARTIDA GRABADA ]
Feudal
10:23
Castillos
15:48
Imperial
30:31
| APM promedio | 29.0 |
| APM pico | 70 |
| eAPM promedio | 15.6 |
| Aldeanos / militares | 126 / 153 |
Foco
⚔️ 23.9% · 🌾 76.1%
Scout Cavalry ×84 · Elephant Archer ×57 · Trebuchet (Packed) ×5 · Monk ×3 · Archer ×2 · Spearman ×1
Feudal
11:51
Castillos
15:49
Imperial
32:29
| APM promedio | 33.5 |
| APM pico | 87 |
| eAPM promedio | 23.0 |
| Aldeanos / militares | 170 / 213 |
Foco
⚔️ 36.7% · 🌾 63.3%
Spearman ×98 · Skirmisher ×97 · Bombard Cannon ×10 · Mangonel ×5 · Trebuchet (Packed) ×2 · Monk ×1
Feudal
12:23
Castillos
16:32
Imperial
28:45
| APM promedio | 21.6 |
| APM pico | 59 |
| eAPM promedio | 12.2 |
| Aldeanos / militares | 79 / 87 |
Foco
⚔️ 19.3% · 🌾 80.7%
Camel Scout ×40 · Hand Cannoneer ×37 · Bombard Cannon ×4 · Mangonel ×2 · Trebuchet (Packed) ×2 · Spearman ×1
Feudal
10:10
Castillos
17:38
Imperial
35:13
| APM promedio | 29.6 |
| APM pico | 55 |
| eAPM promedio | 19.7 |
| Aldeanos / militares | 123 / 152 |
Foco
⚔️ 33.1% · 🌾 66.9%
Scout Cavalry ×77 · Knight ×50 · Obuch ×18 · Petard ×5 · Battering Ram ×2
Mapa de la partida
Recursos iniciales + cada clic de construcción. Líneas = muros · curvas = relieve. ◆ oro · ⬟ piedra · ● bayas · ✦ reliquia · ◌ hueco del cierre
Tu base· ✓ Cerrada en 15:48 · 0t muro · 2 puerta(s)
Base de ToR· ✓ Cerrada en 15:49 · 0t muro · 2 puerta(s)
Base de M0nero· ✓ Cerrada en 16:32 · 18t muro · 4 puerta(s)
Base de Chismen· ✓ Cerrada en 17:38 · 0t muro · 3 puerta(s)
Terreno inicial suavizado · ◌ = hueco del cierre detectado · pasá el cursor para detalles
Inputs por minuto
— (PNG) General_gabriel - - ToR
Build order — (PNG) General_gabriel
Primeras 150 de 369 acciones detectadas
| 0:01 | Crear | Villager (Male) |
| 0:01 | Crear | Villager (Male) |
| 0:02 | Construir | House |
| 0:03 | Construir | House |
| 0:15 | Crear | Villager (Male) |
| 0:15 | Crear | Villager (Male) |
| 0:15 | Crear | Villager (Male) |
| 1:32 | Crear | Villager (Male) |
| 2:14 | Crear | Villager (Male) |
| 2:14 | Crear | Villager (Male) |
| 2:30 | Crear | Villager (Male) |
| 2:30 | Crear | Villager (Male) |
| 2:53 | Construir | Lumber Camp |
| 3:07 | Crear | Villager (Male) |
| 3:07 | Crear | Villager (Male) |
| 4:06 | Crear | Villager (Male) |
| 4:06 | Crear | Villager (Male) |
| 4:09 | Crear | Villager (Male) |
| 4:09 | Crear | Villager (Male) |
| 4:40 | Construir | Mill |
| 4:46 | Crear | Villager (Male) |
| 4:59 | Construir | House |
| 5:34 | Crear | Villager (Male) |
| 5:34 | Crear | Villager (Male) |
| 5:34 | Crear | Villager (Male) |
| 5:35 | Crear | Villager (Male) |
| 5:56 | Construir | House |
| 6:12 | Construir | Mill |
| 7:14 | Crear | Villager (Male) |
| 8:09 | Investigar | Feudal Age |
| 8:17 | Construir | Mining Camp |
| 8:36 | Construir | House |
| 9:00 | Construir | Barracks |
| 9:32 | Crear | Villager (Male) |
| 9:33 | Crear | Villager (Male) |
| 10:23 | Edad | Edad Feudal |
| 10:26 | Construir | Farm |
| 10:29 | Construir | Farm |
| 10:50 | Crear | Villager (Male) |
| 10:51 | Crear | Villager (Male) |
| 11:06 | Construir | Blacksmith |
| 11:22 | Construir | Farm |
| 12:05 | Construir | Archery Range |
| 12:07 | Crear | Villager (Male) |
| 12:21 | Construir | Farm |
| 12:39 | Construir | House |
| 12:47 | Construir | Farm |
| 12:51 | Construir | Farm |
| 13:08 | Investigar | Castle Age |
| 13:34 | Construir | House |
| 13:51 | Investigar | Double-Bit Axe |
| 14:13 | Construir | House |
| 14:34 | Crear | Archer |
| 14:35 | Crear | Archer |
| 14:42 | Crear | Spearman |
| 14:49 | Construir | House |
| 15:18 | Crear | Villager (Male) |
| 15:18 | Crear | Villager (Male) |
| 15:40 | Investigar | Horse Collar |
| 15:48 | Edad | Edad de los Castillos |
| 15:50 | Construir | Monastery |
| 15:56 | Crear | Villager (Male) |
| 15:57 | Crear | Villager (Male) |
| 16:14 | Construir | Town Center |
| 16:19 | Crear | Monk |
| 16:30 | Crear | Villager (Male) |
| 16:50 | Crear | Villager (Male) |
| 16:50 | Crear | Villager (Male) |
| 16:52 | Construir | Farm |
| 17:01 | Crear | Villager (Male) |
| 17:01 | Crear | Villager (Male) |
| 17:05 | Investigar | Fervor |
| 17:22 | Construir | Farm |
| 17:27 | Construir | Farm |
| 17:40 | Crear | Monk |
| 17:53 | Crear | Villager (Male) |
| 17:54 | Crear | Villager (Male) |
| 18:00 | Construir | Town Center |
| 18:06 | Crear | Villager (Male) |
| 18:15 | Construir | Farm |
| 18:19 | Construir | Farm |
| 18:23 | Construir | Farm |
| 18:26 | Construir | Farm |
| 18:28 | Crear | Villager (Male) |
| 18:46 | Crear | Monk |
| 18:51 | Crear | Villager (Male) |
| 18:51 | Crear | Villager (Male) |
| 18:56 | Construir | Farm |
| 18:59 | Construir | Farm |
| 19:02 | Construir | Farm |
| 19:06 | Construir | Farm |
| 19:24 | Construir | House |
| 19:25 | Construir | House |
| 19:27 | Construir | House |
| 19:29 | Construir | House |
| 19:33 | Construir | House |
| 19:35 | Construir | Farm |
| 19:41 | Crear | Villager (Male) |
| 19:42 | Crear | Villager (Male) |
| 19:43 | Crear | Villager (Male) |
| 19:43 | Crear | Villager (Male) |
| 20:01 | Crear | Villager (Male) |
| 20:05 | Construir | Farm |
| 20:25 | Investigar | Wheelbarrow |
| 20:33 | Construir | Farm |
| 20:34 | Construir | Farm |
| 20:35 | Construir | Farm |
| 20:37 | Crear | Villager (Male) |
| 20:55 | Construir | Farm |
| 20:56 | Construir | Farm |
| 20:57 | Construir | Farm |
| 21:04 | Construir | Farm |
| 21:11 | Crear | Villager (Male) |
| 21:11 | Crear | Villager (Male) |
| 21:20 | Construir | House |
| 21:21 | Construir | House |
| 21:25 | Construir | Farm |
| 21:41 | Investigar | Loom |
| 21:42 | Crear | Villager (Male) |
| 21:42 | Crear | Villager (Male) |
| 21:45 | Crear | Villager (Male) |
| 21:47 | Crear | Villager (Male) |
| 21:49 | Crear | Villager (Male) |
| 21:53 | Construir | Farm |
| 22:12 | Crear | Villager (Male) |
| 22:14 | Crear | Villager (Male) |
| 22:14 | Crear | Villager (Male) |
| 22:23 | Construir | Outpost |
| 22:34 | Investigar | Bow Saw |
| 22:37 | Investigar | Heavy Plow |
| 22:40 | Crear | Villager (Male) |
| 23:01 | Construir | Stable |
| 23:17 | Crear | Villager (Male) |
| 23:18 | Crear | Villager (Male) |
| 23:20 | Crear | Villager (Male) |
| 23:20 | Crear | Villager (Male) |
| 23:21 | Construir | Farm |
| 23:38 | Construir | Farm |
| 23:40 | Construir | Farm |
| 23:40 | Construir | Farm |
| 23:41 | Construir | Farm |
| 23:43 | Crear | Villager (Male) |
| 23:43 | Crear | Villager (Male) |
| 23:45 | Crear | Villager (Male) |
| 24:03 | Construir | Farm |
| 24:15 | Construir | Castle |
| 24:18 | Construir | Farm |
| 24:21 | Investigar | Hand Cart |
| 24:22 | Crear | Villager (Male) |
| 24:23 | Crear | Villager (Male) |
Build order — ToR
Primeras 150 de 539 acciones detectadas
| 0:02 | Construir | House |
| 0:05 | Construir | House |
| 0:06 | Crear | Villager (Male) |
| 0:06 | Crear | Villager (Male) |
| 0:07 | Crear | Villager (Male) |
| 0:07 | Crear | Villager (Male) |
| 0:07 | Crear | Villager (Male) |
| 1:34 | Crear | Villager (Male) |
| 2:05 | Crear | Villager (Male) |
| 2:20 | Crear | Villager (Male) |
| 2:20 | Crear | Villager (Male) |
| 2:40 | Construir | House |
| 2:41 | Construir | House |
| 2:50 | Crear | Villager (Male) |
| 2:50 | Crear | Villager (Male) |
| 3:04 | Construir | Mill |
| 3:06 | Crear | Villager (Male) |
| 3:35 | Crear | Villager (Male) |
| 3:36 | Crear | Villager (Male) |
| 3:54 | Crear | Villager (Male) |
| 3:54 | Crear | Villager (Male) |
| 4:29 | Crear | Villager (Male) |
| 4:29 | Crear | Villager (Male) |
| 4:30 | Crear | Villager (Male) |
| 4:46 | Construir | Lumber Camp |
| 5:14 | Crear | Villager (Male) |
| 5:14 | Crear | Villager (Male) |
| 5:47 | Crear | Villager (Male) |
| 5:47 | Crear | Villager (Male) |
| 6:10 | Crear | Villager (Male) |
| 6:11 | Crear | Villager (Male) |
| 6:11 | Crear | Villager (Male) |
| 6:24 | Construir | House |
| 6:54 | Crear | Villager (Male) |
| 7:03 | Construir | Mining Camp |
| 7:32 | Crear | Villager (Male) |
| 7:32 | Crear | Villager (Male) |
| 8:12 | Construir | Mill |
| 8:42 | Crear | Villager (Male) |
| 8:42 | Crear | Villager (Male) |
| 8:57 | Investigar | Feudal Age |
| 9:09 | Construir | Mining Camp |
| 10:03 | Crear | Villager (Male) |
| 10:03 | Crear | Villager (Male) |
| 10:14 | Construir | Barracks |
| 11:19 | Crear | Villager (Male) |
| 11:51 | Edad | Edad Feudal |
| 11:57 | Construir | Blacksmith |
| 12:10 | Construir | Stable |
| 13:10 | Investigar | Castle Age |
| 13:15 | Construir | Farm |
| 13:16 | Construir | Farm |
| 13:20 | Construir | Farm |
| 13:43 | Construir | Farm |
| 13:46 | Construir | Farm |
| 14:01 | Construir | Farm |
| 14:33 | Investigar | Double-Bit Axe |
| 14:46 | Construir | House |
| 14:47 | Construir | House |
| 15:02 | Construir | Farm |
| 15:03 | Construir | Farm |
| 15:04 | Construir | Farm |
| 15:05 | Construir | Farm |
| 15:06 | Construir | Farm |
| 15:32 | Investigar | Horse Collar |
| 15:40 | Crear | Villager (Male) |
| 15:49 | Edad | Edad de los Castillos |
| 15:50 | Construir | House |
| 15:51 | Construir | House |
| 16:00 | Construir | Town Center |
| 16:07 | Crear | Villager (Male) |
| 16:22 | Crear | Spearman |
| 16:34 | Crear | Villager (Male) |
| 16:34 | Crear | Villager (Male) |
| 16:34 | Crear | Villager (Male) |
| 16:59 | Crear | Villager (Male) |
| 16:59 | Crear | Villager (Male) |
| 17:08 | Construir | Archery Range |
| 17:19 | Construir | Farm |
| 17:20 | Construir | Farm |
| 17:21 | Construir | Farm |
| 17:23 | Construir | Farm |
| 17:27 | Construir | House |
| 17:32 | Construir | House |
| 17:39 | Crear | Villager (Male) |
| 17:39 | Crear | Villager (Male) |
| 17:39 | Crear | Villager (Male) |
| 17:49 | Crear | Villager (Male) |
| 17:54 | Crear | Skirmisher |
| 17:54 | Crear | Skirmisher |
| 18:01 | Crear | Villager (Male) |
| 18:15 | Crear | Villager (Male) |
| 18:27 | Crear | Villager (Male) |
| 18:42 | Crear | Villager (Male) |
| 18:43 | Crear | Villager (Male) |
| 18:48 | Crear | Skirmisher |
| 18:58 | Construir | Town Center |
| 19:01 | Crear | Villager (Male) |
| 19:01 | Crear | Villager (Male) |
| 19:12 | Investigar | Bow Saw |
| 19:29 | Crear | Skirmisher |
| 19:33 | Crear | Villager (Male) |
| 19:33 | Crear | Villager (Male) |
| 19:39 | Construir | Monastery |
| 19:44 | Crear | Villager (Male) |
| 19:45 | Crear | Villager (Male) |
| 19:51 | Crear | Villager (Male) |
| 20:00 | Crear | Villager (Male) |
| 20:11 | Crear | Villager (Male) |
| 20:12 | Crear | Villager (Male) |
| 20:18 | Crear | Villager (Male) |
| 20:43 | Investigar | Heavy Plow |
| 20:48 | Construir | Farm |
| 20:49 | Construir | Farm |
| 20:50 | Construir | Farm |
| 20:51 | Construir | Farm |
| 20:54 | Crear | Villager (Male) |
| 20:54 | Crear | Villager (Male) |
| 21:01 | Construir | Farm |
| 21:02 | Construir | Farm |
| 21:03 | Construir | Farm |
| 21:04 | Construir | Farm |
| 21:06 | Crear | Villager (Male) |
| 21:07 | Crear | Villager (Male) |
| 21:14 | Crear | Villager (Male) |
| 21:17 | Crear | Monk |
| 21:27 | Crear | Villager (Male) |
| 21:35 | Crear | Villager (Male) |
| 21:35 | Crear | Villager (Male) |
| 21:41 | Construir | Farm |
| 21:42 | Construir | Farm |
| 21:43 | Construir | Farm |
| 21:45 | Construir | Farm |
| 21:46 | Construir | Farm |
| 21:47 | Construir | Farm |
| 21:49 | Construir | Farm |
| 21:52 | Construir | Farm |
| 21:54 | Crear | Villager (Male) |
| 21:54 | Crear | Villager (Male) |
| 22:01 | Crear | Villager (Male) |
| 22:01 | Crear | Villager (Male) |
| 22:06 | Crear | Villager (Male) |
| 22:15 | Crear | Villager (Male) |
| 22:15 | Crear | Villager (Male) |
| 22:21 | Crear | Villager (Male) |
| 22:36 | Investigar | Town Watch |
| 22:37 | Crear | Villager (Male) |
| 22:37 | Crear | Villager (Male) |
| 22:51 | Crear | Villager (Male) |
| 22:52 | Crear | Villager (Male) |
Build order — M0nero
Primeras 150 de 207 acciones detectadas
| 0:04 | Construir | House |
| 0:04 | Construir | House |
| 0:06 | Crear | Villager (Male) ×4 |
| 0:07 | Investigar | Loom |
| 0:33 | Construir | House |
| 0:34 | Construir | House |
| 0:41 | Construir | Lumber Camp |
| 1:40 | Crear | Villager (Male) |
| 2:30 | Crear | Villager (Male) |
| 2:47 | Crear | Villager (Male) |
| 3:31 | Crear | Villager (Male) |
| 3:48 | Crear | Villager (Male) |
| 4:03 | Construir | Mill |
| 4:23 | Crear | Villager (Male) |
| 4:45 | Crear | Villager (Male) |
| 5:12 | Crear | Villager (Male) |
| 5:31 | Crear | Villager (Male) ×2 |
| 5:41 | Construir | Mining Camp |
| 5:49 | Crear | Villager (Male) |
| 6:48 | Construir | Mill |
| 6:52 | Crear | Villager (Male) ×2 |
| 7:03 | Construir | House |
| 7:06 | Construir | House |
| 7:07 | Construir | House |
| 7:15 | Crear | Villager (Male) ×3 |
| 7:33 | Crear | Villager (Male) |
| 7:56 | Crear | Villager (Male) |
| 8:58 | Construir | Mining Camp |
| 9:20 | Crear | Villager (Male) |
| 9:45 | Investigar | Feudal Age |
| 10:09 | Construir | Farm |
| 10:12 | Construir | Farm |
| 10:13 | Construir | Farm |
| 10:14 | Construir | Farm |
| 10:15 | Construir | Farm |
| 11:09 | Construir | House |
| 11:10 | Construir | House |
| 11:47 | Construir | House |
| 11:48 | Construir | House |
| 11:53 | Crear | Villager (Male) |
| 11:53 | Crear | Villager (Male) |
| 12:05 | Construir | House |
| 12:23 | Edad | Edad Feudal |
| 12:26 | Construir | Gate |
| 12:51 | Construir | Market |
| 13:00 | Construir | Blacksmith |
| 13:52 | Investigar | Castle Age |
| 13:58 | Construir | Stone Wall |
| 14:16 | Construir | Barracks |
| 14:35 | Investigar | Double-Bit Axe |
| 14:50 | Construir | Farm |
| 15:10 | Construir | Mining Camp |
| 15:21 | Construir | Stone Wall |
| 15:38 | Construir | Stone Wall |
| 15:42 | Construir | Gate |
| 15:57 | Crear | Villager (Male) |
| 15:57 | Crear | Villager (Male) |
| 16:10 | Investigar | Gold Mining |
| 16:19 | Construir | Farm |
| 16:32 | Edad | Edad de los Castillos |
| 16:36 | Construir | Siege Workshop |
| 16:56 | Crear | Villager (Male) |
| 16:56 | Crear | Villager (Male) |
| 17:15 | Crear | Villager (Male) |
| 17:16 | Crear | Villager (Male) |
| 17:40 | Construir | Farm |
| 17:45 | Crear | Mangonel |
| 17:55 | Construir | Farm |
| 18:00 | Investigar | Fletching |
| 18:09 | Construir | Farm |
| 18:29 | Crear | Villager (Male) |
| 18:29 | Crear | Villager (Male) |
| 18:40 | Crear | Mangonel |
| 19:28 | Crear | Villager (Male) |
| 19:29 | Crear | Villager (Male) |
| 19:45 | Crear | Battering Ram |
| 19:51 | Crear | Spearman |
| 20:11 | Crear | Villager (Male) |
| 20:18 | Construir | Farm |
| 20:37 | Investigar | Horse Collar |
| 21:02 | Crear | Villager (Male) |
| 21:02 | Crear | Villager (Male) |
| 21:16 | Construir | Town Center |
| 21:22 | Construir | Town Center |
| 22:54 | Construir | Castle |
| 23:09 | Construir | Stone Wall |
| 23:29 | Construir | Farm |
| 23:31 | Construir | Farm |
| 23:38 | Construir | Farm |
| 23:40 | Construir | Farm |
| 23:41 | Construir | Farm |
| 23:47 | Construir | Farm |
| 23:55 | Construir | Farm |
| 24:02 | Construir | Farm |
| 24:03 | Construir | Farm |
| 24:29 | Construir | Farm |
| 24:34 | Construir | Farm |
| 24:48 | Crear | Villager (Male) |
| 24:48 | Crear | Villager (Male) |
| 24:51 | Crear | Villager (Male) |
| 25:04 | Construir | Farm |
| 25:35 | Investigar | Imperial Age |
| 25:41 | Crear | Villager (Male) |
| 26:05 | Investigar | Bow Saw |
| 26:14 | Construir | Farm |
| 26:18 | Crear | Villager (Male) |
| 26:18 | Crear | Villager (Male) |
| 26:32 | Construir | Lumber Camp |
| 27:09 | Crear | Villager (Male) |
| 27:09 | Crear | Villager (Male) |
| 27:11 | Investigar | Town Watch |
| 27:14 | Investigar | Wheelbarrow |
| 27:17 | Crear | Villager (Male) |
| 27:47 | Construir | Stone Wall |
| 27:52 | Investigar | Bodkin Arrow |
| 28:02 | Crear | Villager (Male) |
| 28:17 | Construir | Farm |
| 28:34 | Crear | Villager (Male) |
| 28:37 | Crear | Villager (Male) |
| 28:38 | Crear | Villager (Male) |
| 28:45 | Edad | Edad Imperial |
| 28:49 | Crear | Bombard Cannon |
| 28:53 | Crear | Trebuchet (Packed) |
| 28:54 | Crear | Trebuchet (Packed) |
| 29:14 | Construir | Archery Range |
| 29:25 | Investigar | Bracer |
| 29:56 | Crear | Bombard Cannon |
| 30:44 | Crear | Bombard Cannon |
| 31:14 | Crear | Hand Cannoneer ×5 |
| 32:00 | Construir | University |
| 32:28 | Crear | Hand Cannoneer ×5 |
| 32:47 | Construir | Stone Wall |
| 33:15 | Construir | Stable |
| 33:20 | Construir | Stable |
| 33:30 | Investigar | Scale Barding Armor |
| 33:31 | Investigar | Forging |
| 33:32 | Investigar | Padded Archer Armor |
| 33:35 | Crear | Hand Cannoneer ×3 |
| 33:42 | Crear | Villager (Male) ×5 |
| 33:46 | Crear | Villager (Male) ×5 |
| 33:52 | Construir | Farm |
| 33:53 | Construir | Farm |
| 33:54 | Construir | Farm |
| 33:56 | Construir | Farm |
| 34:01 | Construir | Farm |
| 34:04 | Construir | Farm |
| 34:16 | Crear | Villager (Male) |
| 34:16 | Crear | Villager (Male) |
| 34:33 | Crear | Camel Scout |
| 35:03 | Investigar | Bloodlines |
Build order — Chismen
Primeras 150 de 434 acciones detectadas
| 0:00 | Crear | Villager (Male) |
| 0:01 | Crear | Villager (Male) |
| 0:03 | Construir | House |
| 0:05 | Construir | House |
| 0:06 | Crear | Villager (Male) |
| 0:06 | Crear | Villager (Male) |
| 1:27 | Crear | Villager (Male) |
| 1:49 | Construir | Lumber Camp |
| 1:59 | Crear | Villager (Male) |
| 2:14 | Crear | Villager (Male) |
| 2:50 | Crear | Villager (Male) |
| 2:59 | Crear | Villager (Male) |
| 3:01 | Construir | House |
| 3:33 | Crear | Villager (Male) |
| 3:59 | Crear | Villager (Male) |
| 4:16 | Construir | Mill |
| 4:20 | Crear | Villager (Male) |
| 4:57 | Crear | Villager (Male) |
| 4:58 | Crear | Villager (Male) |
| 5:08 | Crear | Villager (Male) |
| 5:57 | Construir | Mill |
| 5:58 | Crear | Villager (Male) |
| 6:27 | Crear | Villager (Male) |
| 6:51 | Crear | Villager (Male) |
| 7:10 | Crear | Villager (Male) |
| 7:37 | Construir | Mining Camp |
| 7:40 | Crear | Villager (Male) |
| 8:00 | Investigar | Feudal Age |
| 8:00 | Investigar | Loom |
| 8:53 | Crear | Villager (Male) |
| 8:53 | Crear | Villager (Male) |
| 9:37 | Construir | Farm |
| 9:40 | Construir | Farm |
| 10:10 | Edad | Edad Feudal |
| 10:19 | Construir | Watch Tower |
| 10:42 | Crear | Villager (Male) |
| 10:44 | Construir | Farm |
| 10:46 | Construir | Farm |
| 10:59 | Crear | Villager (Male) |
| 10:59 | Crear | Villager (Male) |
| 11:03 | Construir | House |
| 11:50 | Construir | Blacksmith |
| 12:01 | Construir | Market |
| 12:20 | Crear | Villager (Male) |
| 13:01 | Construir | Watch Tower |
| 13:15 | Crear | Villager (Male) |
| 13:15 | Crear | Villager (Male) |
| 13:47 | Construir | Watch Tower |
| 14:07 | Crear | Villager (Male) |
| 14:13 | Crear | Villager (Male) |
| 14:16 | Construir | House |
| 14:51 | Investigar | Castle Age |
| 14:55 | Construir | Farm |
| 15:26 | Investigar | Double-Bit Axe |
| 15:46 | Construir | Farm |
| 15:55 | Investigar | Horse Collar |
| 16:17 | Construir | Farm |
| 17:15 | Construir | Watch Tower |
| 17:27 | Crear | Villager (Male) |
| 17:27 | Crear | Villager (Male) |
| 17:38 | Edad | Edad de los Castillos |
| 17:42 | Construir | Town Center |
| 17:45 | Crear | Villager (Male) |
| 17:48 | Investigar | Bow Saw |
| 18:15 | Construir | Siege Workshop |
| 18:42 | Crear | Villager (Male) |
| 19:14 | Construir | Mining Camp |
| 19:17 | Crear | Villager (Male) |
| 19:21 | Construir | Mill |
| 19:25 | Crear | Villager (Male) |
| 19:26 | Crear | Villager (Male) |
| 19:39 | Crear | Villager (Male) |
| 19:41 | Crear | Villager (Male) |
| 19:58 | Crear | Villager (Male) |
| 20:03 | Construir | Farm |
| 20:04 | Construir | Farm |
| 20:06 | Construir | Farm |
| 20:09 | Construir | Farm |
| 20:11 | Crear | Villager (Male) |
| 20:16 | Crear | Villager (Male) |
| 20:38 | Construir | Castle |
| 20:46 | Crear | Villager (Male) |
| 20:52 | Construir | Mill |
| 20:55 | Crear | Villager (Male) |
| 20:57 | Crear | Villager (Male) |
| 21:08 | Construir | Town Center |
| 21:46 | Construir | Farm |
| 21:49 | Crear | Villager (Male) |
| 21:50 | Crear | Villager (Male) |
| 21:51 | Crear | Villager (Male) |
| 21:53 | Construir | Farm |
| 21:54 | Construir | Farm |
| 21:55 | Construir | Farm |
| 21:58 | Construir | Farm |
| 21:59 | Construir | Farm |
| 22:01 | Crear | Villager (Male) |
| 22:01 | Crear | Villager (Male) |
| 22:04 | Crear | Villager (Male) |
| 22:05 | Crear | Villager (Male) |
| 22:11 | Crear | Obuch |
| 22:12 | Crear | Obuch |
| 22:12 | Crear | Obuch |
| 22:35 | Construir | Mining Camp |
| 22:36 | Crear | Villager (Male) |
| 22:38 | Crear | Villager (Male) |
| 22:48 | Construir | Farm |
| 22:49 | Construir | Farm |
| 22:51 | Construir | Farm |
| 22:53 | Construir | Farm |
| 22:54 | Crear | Villager (Male) |
| 22:58 | Crear | Villager (Male) |
| 23:03 | Crear | Obuch |
| 23:03 | Crear | Obuch |
| 23:17 | Construir | Farm |
| 23:20 | Construir | Farm |
| 23:22 | Crear | Villager (Male) |
| 23:22 | Crear | Villager (Male) |
| 23:27 | Construir | Farm |
| 23:28 | Crear | Villager (Male) |
| 23:31 | Construir | Mill |
| 23:32 | Crear | Villager (Male) |
| 23:37 | Crear | Villager (Male) |
| 23:43 | Construir | Barracks |
| 23:46 | Crear | Obuch |
| 23:46 | Crear | Obuch |
| 24:00 | Construir | Farm |
| 24:02 | Construir | Farm |
| 24:04 | Construir | Farm |
| 24:09 | Construir | Farm |
| 24:10 | Construir | Farm |
| 24:15 | Crear | Villager (Male) |
| 24:16 | Crear | Villager (Male) |
| 24:16 | Crear | Villager (Male) |
| 24:27 | Construir | Farm |
| 24:29 | Crear | Villager (Male) |
| 24:29 | Crear | Villager (Male) |
| 24:33 | Investigar | Wheelbarrow |
| 24:43 | Crear | Villager (Male) |
| 24:44 | Crear | Villager (Male) |
| 24:48 | Construir | Farm |
| 24:52 | Crear | Villager (Male) |
| 24:58 | Construir | Stable |
| 25:13 | Crear | Villager (Male) |
| 25:18 | Construir | Farm |
| 25:23 | Crear | Villager (Male) |
| 25:25 | Crear | Villager (Male) |
| 25:26 | Crear | Villager (Male) |
| 25:27 | Crear | Villager (Male) |
| 25:34 | Construir | Farm |
| 25:38 | Construir | Farm |
Cronología de la partida
| 9:00 | (PNG) General_gabriel · first_building Barracks |
| 10:10 | Chismen · age_up feudal |
| 10:14 | ToR · first_building Barracks |
| 10:23 | (PNG) General_gabriel · age_up feudal |
| 11:51 | ToR · age_up feudal |
| 12:05 | (PNG) General_gabriel · first_building Archery Range |
| 12:10 | ToR · first_building Stable |
| 12:23 | M0nero · age_up feudal |
| 13:58 | M0nero · wall_segment Stone Wall x1 |
| 14:16 | M0nero · first_building Barracks |
| 15:21 | M0nero · wall_segment Stone Wall x8 |
| 15:38 | M0nero · wall_segment Stone Wall x9 |
| 15:48 | (PNG) General_gabriel · age_up castle |
| 15:49 | ToR · age_up castle |
| 15:50 | (PNG) General_gabriel · first_building Monastery |
| 16:32 | M0nero · age_up castle |
| 16:36 | M0nero · first_building Siege Workshop |
| 17:08 | ToR · first_building Archery Range |
| 17:38 | Chismen · age_up castle |
| 18:15 | Chismen · first_building Siege Workshop |
| 19:39 | ToR · first_building Monastery |
| 20:38 | Chismen · first_building Castle |
| 22:54 | M0nero · first_building Castle |
| 23:01 | (PNG) General_gabriel · first_building Stable |
| 23:09 | M0nero · wall_segment Stone Wall x1 |
| 23:43 | Chismen · first_building Barracks |
| 24:15 | (PNG) General_gabriel · first_building Castle |
| 24:34 | ToR · first_building Castle |
| 24:38 | M0nero · first_market_buy 100 food |
| 24:58 | Chismen · first_building Stable |
| 27:47 | M0nero · wall_segment Stone Wall x1 |
| 28:24 | (PNG) General_gabriel · first_building Siege Workshop |
| 28:45 | M0nero · age_up imperial |
| 29:14 | M0nero · first_building Archery Range |
| 30:31 | (PNG) General_gabriel · age_up imperial |
| 31:55 | Chismen · first_market_sell 100 food |
| 32:29 | ToR · age_up imperial |
| 32:47 | M0nero · wall_segment Stone Wall x2 |
| 33:15 | M0nero · first_building Stable |
| 34:58 | ToR · first_building Siege Workshop |
| 35:13 | Chismen · age_up imperial |
| 43:47 | Chismen · resign |
[ ANÁLISIS IA · 1 CRÉDITO ]
¿Qué pasó realmente en esta partida?
Wolo.gg analiza cada decisión: build order, eco, micro, errores típicos por bracket. Análisis personalizado por WhatsApp o Discord en 30 segundos.
Guía civ
Bengalíes
Perfil
(PNG) General_gabriel